 Dungeon Crawl Stone Soup version 0.31.0-32-g396128a36d (webtiles) character file.

Game seed: 10689976364447541776

23 spaghetti the Caller (level 3, -3/31 HPs)
             Began as an Oni Summoner on Mar 10, 2024.
             Slain by Terence
             ... wielding a +2 trident of freezing
              (9 damage)
             ... on level 2 of the Dungeon.
             The game lasted 00:01:32 (1091 turns).

spaghetti the Caller (Oni Summoner)                 Turns: 1091, Time: 00:01:32

Health: -3/31      AC:  3    Str: 12    XL:     3   Next: 0%
Magic:  1/7        EV:  9    Int: 18    God:
Gold:   18         SH:  0    Dex:  9    Spells: 2/8 levels left

rFire   . . .        f - +1 mace (protect)
rCold   . . .        (no shield)
rNeg    . . .        a - +0 robe
rPois   .            (helmet restricted)
rElec   .            (no cloak)
rCorr   .            (gloves unavailable)
SInv    .            (boots unavailable)
Will    .....        (no amulet)
Stlth   +            (no ring)
HPRegen 0.25/turn    (no ring)
MPRegen 0.10/turn

%: no passive effects
@: brilliant, inugami summoned
A: large, unfitting armour, horns 1, tough skin 1, double potion healing,
drunken brawling
a: no special abilities


You were on level 2 of the Dungeon.
You visited 1 branch of the dungeon, and saw 2 of its levels.

You collected 18 gold pieces.

Inventory:

Hand Weapons
 f - a +1 mace of protection (weapon)
Armour
 a - a +0 robe (worn)
Scrolls
 c - a scroll of enchant armour
 d - a scroll of blinking {unknown}
 h - a scroll of revelation
 j - 2 scrolls of teleportation
Potions
 b - a potion of magic
 i - a potion of attraction {unknown}


   Skills:
 - Level 1.7 Dodging
 - Level 1.4 Stealth
 - Level 3.0 Spellcasting
 + Level 4.2 Summonings


You had 2 spell levels left.
You knew the following spells:

 Your Spells              Type           Power      Damage    Failure   Level
a - Summon Small Mammal   Summ           100%       N/A       3%          1
b - Call Imp              Summ           52%        N/A       4%          2
c - Call Canine Familiar  Summ           26%        N/A       9%          3

Your spell library contained the following spells:

 Spells                   Type           Power      Damage    Failure   Level
 Summon Blazeheart Golem  Fire/Summ      15%        N/A       56%         4
 Summon Lightning Spire   Summ/Air       15%        N/A       56%         4


Dungeon Overview and Level Annotations

Branches:
Dungeon (2/15)

Altars:

Annotations:
D:2 Terence


Innate Abilities, Weirdness & Mutations

You are too large for most types of armour.
You have a pair of small horns on your head.
You have tough skin. (AC +1)
You gain doubled healing and magic from potions.
Whenever you drink a healing potion, you attack all around you.


Message History

Your quokka's corpse disappears in a puff of smoke!
Your cerulean imp hits Terence but does no damage.
You start memorising the spell.
You continue memorising.
Your bat barely misses Terence.
Your bat hits Terence but does no damage.
Terence barely misses your bat.
Your cerulean imp hits Terence but does no damage.
You continue memorising.
Your bat hits Terence but does no damage.
Your cerulean imp hits Terence but does no damage.
Your bat hits Terence but does no damage.
You continue memorising.
Your bat hits Terence but does no damage. x2
Terence closely misses you.
The goblin unwields a +0 sling.
The goblin wields a +0 dagger.
The goblin closely misses your cerulean imp.
Your cerulean imp barely misses Terence.
You finish memorising.
Spell assigned to 'c'.
Unknown command.
Casting: Summon Small Mammal (safe; 3% risk of failure)
Confirm with . or Enter, or press ? or * to list all spells.
You call for your canine familiar and it appears with a howl!
Your bat hits Terence but does no damage.
Terence says, "Time to say good-bye..."
Terence hits you from afar with a +2 trident of freezing.
* * * LOW HITPOINT WARNING * * *
Terence freezes you.
* * * LOW HITPOINT WARNING * * *
The goblin hits your cerulean imp with a +0 dagger.
Your bat barely misses Terence.
Your cerulean imp hits Terence with a -3 spear.
Unknown command.
Unknown command.
It was a potion of brilliance.
You feel clever all of a sudden.
Your bat hits Terence but does no damage.
Your bat barely misses Terence.
Terence hits you from afar with a +2 trident of freezing!
You die...
Terence says, "Rest in peace."

#..# #..#
... #.#
..
#.####...
#g#......
##@5.#
#bh###
#@.# ####


You could see Terence (ally target), a goblin, a friendly cerulean imp
(summoned), a friendly inugami (summoned) and a friendly bat (summoned).

Vanquished Creatures
  A ribbon worm (D:2)
  2 endoplasms (D:1)
  4 goblins (D:1)
  A hobgoblin (D:1)
  A jackal (D:2)
  A kobold (D:1)
  2 ball pythons (D:1)
  A rat (D:1)
13 creatures vanquished.

Vanquished Creatures (collateral kills)
  2 jackals (D:2)
  2 kobolds (D:1)
  A frilled lizard (D:1)
  A rat (D:1)
6 creatures vanquished.

Grand Total: 19 creatures vanquished

Notes
Turn   | Place    | Note
-------+----------+-------------------------------------------
     0 | D:1      | spaghetti the Oni Summoner began the quest for the Orb.
     0 | D:1      | Reached XP level 1. HP: 16/16 MP: 3/3
     6 | D:1      | Noticed a polar bear
     6 | D:1      | Noticed a rime drake
     6 | D:1      | Noticed a hog
     7 | D:1      | Noticed a mana viper
     7 | D:1      | Noticed a swamp worm
   255 | D:1      | Reached XP level 2. HP: 23/24 MP: 4/6
   258 | D:1      | Learned a level 2 spell: Call Imp
   763 | D:1      | Reached skill level 4 in Summonings
   967 | D:2      | Noticed Terence
  1027 | D:2      | Reached XP level 3. HP: 26/31 MP: 2/7
  1090 | D:2      | Learned a level 3 spell: Call Canine Familiar
  1091 | D:2      | Slain by Terence

Illustrated notes

Levels and vault maps discovered:
D:1:      onia_arrival_zoo_common, layout_basic, minmay_pentomino_w2
D:2:      layout_rooms, chequers_serial_rivers_room_b, uniq_jessica,
          uniq_terence, uniq_sigmund, uniq_robin

Skill      XL: |  1  2 |
---------------+-------+-----
Spellcasting   | 3 |  3.0
Summonings     | 4 |  4.2
Dodging        | |  1.7
Stealth        | |  1.4

Action                     || total
---------------------------++-------
  Melee: Unarmed           ||    10
         Mace              ||    31
         Headbutt          ||     3
         Punch             ||     1
   Cast: Summon Small Mamm ||    12
         Call Imp          ||    12
         Call Canine Famil ||     1
    Use: Scroll            ||     4
         Potion            ||     2
   Stab: Sleeping          ||     1
 Armour: Robe              ||    33
  Dodge: Dodged            ||    26
